[Event "Titled Tuesday Blitz October 5 2021"]
[White "Khusnutdinov, Rustam"]
[Black "Quintiliano Pinto, Renato R."]
[WhiteFideId "13701703"]
[BlackFideId "2117568"]
[WhiteElo "2919"]
[BlackElo "2724"]
[Result "1-0"]
[Round "09"]
[TimeControl "180+1"]
[Date "2021.10.05"]
[WhiteClock "0:00:47"]
[BlackClock "0:00:04"]

1. e4 c5 2. Nf3 d6 3. Bb5+ Nd7 4. Ba4 Nf6 5. O-O e6 6. c4 Be7 7. Nc3 O-O 8. d4 cxd4 9. Qxd4 a6 10. Rd1 Qc7 11. Bxd7 Nxd7 12. Bg5 f6 13. Be3 b6 14. b3 Rb8 15. Qd2 Ne5 16. Nd4 Nf7 17. f4 Qb7 18. a4 Bd7 19. f5 e5 20. Nde2 Rfc8 21. Nd5 Bd8 22. Nec3 Bc6 23. h3 Ra8 24. Qe2 Rcb8 25. Kh2 Qd7 26. b4 Qb7 27. b5 axb5 28. axb5 Bxd5 29. Nxd5 Rxa1 30. Rxa1 Ra8 31. Rxa8 Qxa8 32. Bxb6 Bxb6 33. Nxb6 Qa5 34. Nd5 Nd8 35. c5 dxc5 36. Qc4 Nf7 37. Ne7+ Kf8 38. Qxc5 Ke8 39. Nc6 Qc7 40. b6 Qd6 41. Qb5 Qd2 42. Nxe5+ 1-0


[Site "https://www.chess.com"]

[Event "Titled Tuesday Blitz October 5 2021"]
[White "Koridze, Lile"]
[Black "Noboa Silva, Kevin"]
[WhiteFideId "13612514"]
[BlackFideId "3618471"]
[WhiteElo "1978"]
[BlackElo "2161"]
[Result "1-0"]
[Round "09"]
[TimeControl "180+1"]
[Date "2021.10.05"]
[WhiteClock "0:01:21"]
[BlackClock "0:00:02"]

1. d4 Nf6 2. c4 e6 3. Nc3 Bb4 4. e3 O-O 5. Bd3 d5 6. Nf3 c5 7. O-O cxd4 8. exd4 dxc4 9. Bxc4 Nbd7 10. Bg5 Be7 11. Qd3 a6 12. Rad1 b5 13. Bb3 Bb7 14. Bc2 Re8 15. Ne2 Be4 16. Qd2 Bxc2 17. Qxc2 Rc8 18. Qd3 h6 19. Bh4 Nd5 20. Bxe7 Qxe7 21. a3 Red8 22. Ng3 N7f6 23. Ne5 Qb7 24. Rc1 Rxc1 25. Rxc1 Nf4 26. Qf3 Qxf3 27. Nxf3 h5 28. Kf1 g6 29. Ne2 Nd3 30. Rc2 Ne4 31. Nc1 Nxc1 32. Rxc1 Rd6 33. Ke2 Kg7 34. Ke3 Nf6 35. Rc8 Nd5+ 36. Kd2 Nb6 37. Rb8 Nc4+ 38. Kc3 Kf6 39. Rb7 g5 40. b3 Nb6 41. Ne5 Nd5+ 42. Kd2 Ne7 43. Kd3 g4 44. Ke4 h4 45. Nxg4+ Kg7 46. Rxe7 Rc6 47. Ne5 Rc3 48. Rxf7+ Kg8 49. Ra7 Rxb3 50. Rxa6 h3 51. gxh3 Rxh3 52. f4 Rxh2 53. Rxe6 Re2+ 54. Kd5 Ra2 55. Rb6 Kg7 56. Rxb5 Rxa3 57. f5 Ra6 58. Ng4 Ra8 59. Rb7+ Kh8 60. Ke5 Re8+ 61. Kf6 1-0


[Site "https://www.chess.com"]

[Event "Titled Tuesday Blitz October 5 2021"]
[White "Kotepalli, Sai Nirupama"]
[Black "Potapova, Margarita"]
[WhiteFideId "5039444"]
[BlackFideId "14126869"]
[WhiteElo "2460"]
[BlackElo "2214"]
[Result "1/2-1/2"]
[Round "09"]
[TimeControl "180+1"]
[Date "2021.10.05"]
[WhiteClock "0:00:05"]
[BlackClock "0:00:04"]

1. e4 c5 2. Nf3 d6 3. d3 Nf6 4. g3 g6 5. Bg2 Bg7 6. O-O O-O 7. c3 Nc6 8. Qe2 e5 9. a3 d5 10. exd5 Nxd5 11. Nbd2 Bf5 12. Ne4 b6 13. Nh4 Be6 14. Ng5 Bc8 15. Qe4 Nde7 16. f4 f6 17. Ngf3 exf4 18. gxf4 Bb7 19. Qc4+ Kh8 20. f5 g5 21. Bxg5 fxg5 22. Nxg5 Ne5 23. Qe6 Bxg2 24. Nxg2 N7c6 25. h4 Qxd3 26. f6 Bh6 27. f7 Bg7 28. Rf6 Ng4 29. Rf3 Qg6 30. Qxg4 Ne5 31. Qf5 Nxf3+ 32. Qxf3 h6 33. Nh3 Rxf7 34. Qxa8+ Rf8 35. Qd5 Rg8 36. Rf1 Qg3 37. h5 Be5 38. Rf5 Qe1+ 39. Rf1 Qe3+ 40. Rf2 Qe1+ 41. Rf1 Qe3+ 42. Rf2 Qc1+ 43. Rf1 Qe3+ 1/2-1/2


[Site "https://www.chess.com"]

[Event "Titled Tuesday Blitz October 5 2021"]
[White "Krivonosov, Oleg"]
[Black "Maksimenko, Viktor"]
[WhiteFideId "11600349"]
[BlackFideId "13710478"]
[WhiteElo "2469"]
[BlackElo "2269"]
[Result "1-0"]
[Round "09"]
[TimeControl "180+1"]
[Date "2021.10.05"]
[WhiteClock "0:00:42"]
[BlackClock "0:00:02"]

1. Nf3 d5 2. d4 Nf6 3. c4 e6 4. g3 Be7 5. Bg2 O-O 6. O-O dxc4 7. Qa4 a6 8. Qxc4 b5 9. Qc2 Bb7 10. Bg5 Be4 11. Qd2 Nbd7 12. Nc3 Bb7 13. Rfd1 c5 14. dxc5 Nxc5 15. Qxd8 Rfxd8 16. Ne5 Bxg2 17. Kxg2 Rdc8 18. Rac1 h6 19. Be3 b4 20. Nb1 Nd5 21. Bxc5 Bxc5 22. Nd3 Be7 23. Nd2 a5 24. Nc4 Ra6 25. Nce5 Rxc1 26. Rxc1 Bf6 27. Rc8+ Kh7 28. Nxf7 a4 29. e4 Ne7 30. Rc4 Nc6 31. Nxb4 Nxb4 32. Rxb4 a3 33. bxa3 Rxa3 34. e5 Be7 35. Rb7 Bc5 36. Rb2 Kg6 37. Nd6 Bd4 38. Re2 Ra5 39. f4 Ra3 40. Rd2 Bc3 41. Rc2 Bb4 42. Rb2 Bxd6 43. exd6 Rd3 44. a4 Rxd6 45. Ra2 Ra6 46. a5 Kf5 47. Kf3 e5 48. g4+ Ke6 49. h4 exf4 50. Kxf4 Kf6 51. Ke4 g6 52. Kd5 h5 53. g5+ Kf5 54. Ra4 Rd6+ 55. Kc5 Ra6 56. Kb5 Rd6 57. a6 Rd5+ 58. Kc6 Rd4 59. Rxd4 1-0


[Site "https://www.chess.com"]

[Event "Titled Tuesday Blitz October 5 2021"]
[White "Langrock, Hannes"]
[Black "Kabanov, Nikolai"]
[WhiteFideId "4655290"]
[BlackFideId "4127820"]
[WhiteElo "2325"]
[BlackElo "2303"]
[Result "1-0"]
[Round "09"]
[TimeControl "180+1"]
[Date "2021.10.05"]
[WhiteClock "0:00:07"]
[BlackClock "0:00:04"]

1. d4 Nf6 2. c4 e6 3. g3 Bb4+ 4. Bd2 Bxd2+ 5. Qxd2 c5 6. Nf3 cxd4 7. Nxd4 Nc6 8. Nc3 O-O 9. Bg2 Qb6 10. Ndb5 d5 11. cxd5 Nxd5 12. Nxd5 exd5 13. Nc3 d4 14. Nd5 Qd8 15. O-O Bh3 16. Bxh3 Qxd5 17. Bg2 Qd6 18. Rac1 Rad8 19. Rc4 Ne5 20. Ra4 a6 21. Bxb7 Qd7 22. Rb4 a5 23. Rb3 Rb8 24. Bg2 Rxb3 25. axb3 a4 26. bxa4 Qxa4 27. b3 Qxb3 28. Qxd4 Qe6 29. Rd1 Qf6 30. h3 h6 31. Qe4 Ng6 32. f4 Qb6+ 33. Qd4 Qe6 34. e4 Ne7 35. Kh2 f6 36. Qd6 Qxd6 37. Rxd6 Kf7 38. Rd7 Ke6 39. Rb7 g5 40. Bf3 Rd8 41. Bg4+ Kf7 42. Bh5+ Kf8 43. Kg2 Rd3 44. e5 fxe5 45. fxe5 Re3 46. Rb5 Nc6 47. Rb6 Nxe5 48. Rxh6 Nd7 49. Rd6 Ke7 50. Rd1 Re5 51. Bf3 Nf6 52. Rd2 Kf7 53. Bd1 Rc5 54. Rf2 Kg6 55. Bc2+ Kg7 56. Bd3 Rd5 57. Bf1 Rd4 58. Re2 Rd3 59. Re7+ Kf8 60. Re2 Kg7 61. Rf2 Ne4 62. Bxd3 1-0


[Site "https://www.chess.com"]

[Event "Titled Tuesday Blitz October 5 2021"]
[White "Le, Tuan Minh"]
[Black "Maksimovic, Bojan"]
[WhiteFideId "12401153"]
[BlackFideId "14408120"]
[WhiteElo "2906"]
[BlackElo "2735"]
[Result "1-0"]
[Round "09"]
[TimeControl "180+1"]
[Date "2021.10.05"]
[WhiteClock "0:00:15"]
[BlackClock "0:00:06"]

1. d4 d5 2. Nf3 Bf5 3. c4 e6 4. Nc3 Nc6 5. a3 Nf6 6. Bg5 Be7 7. e3 O-O 8. Rc1 Ne4 9. Bxe7 Nxe7 10. Be2 c6 11. O-O h6 12. h3 Bh7 13. Qb3 Rb8 14. Rfd1 Nf5 15. cxd5 Nxc3 16. bxc3 cxd5 17. c4 dxc4 18. Bxc4 Nd6 19. Bd3 Bxd3 20. Rxd3 Qa5 21. Rdc3 Qb5 22. Qd1 Rfc8 23. Ne5 Qe8 24. Rc7 Rxc7 25. Rxc7 Rc8 26. Qc2 Qd8 27. Rc5 Rxc5 28. Qxc5 a6 29. g3 Ne4 30. Qc2 Nd6 31. Qc5 Ne4 32. Qc4 Nd6 33. Qb4 Qc7 34. h4 h5 35. Qb3 g6 36. Qd1 Qa5 37. Qc1 Kg7 38. Nf3 Qd5 39. Ne5 Qa5 40. Qb2 b5 41. d5 Qe1+ 42. Kg2 Kh7 43. dxe6 fxe6 44. Nf3 Ne4 45. Nxe1 1-0


[Site "https://www.chess.com"]

[Event "Titled Tuesday Blitz October 5 2021"]
[White "Leitao, Rafael"]
[Black "Gallo Garcia, Kemel Antonio"]
[WhiteFideId "2101246"]
[BlackFideId "3523896"]
[WhiteElo "2609"]
[BlackElo "2516"]
[Result "1-0"]
[Round "09"]
[TimeControl "180+1"]
[Date "2021.10.05"]
[WhiteClock "0:00:24"]
[BlackClock "0:00:06"]

1. c4 c5 2. Nc3 Nc6 3. Nf3 g6 4. e3 e5 5. d4 cxd4 6. exd4 exd4 7. Nxd4 Bg7 8. Nxc6 dxc6 9. Qxd8+ Kxd8 10. Bf4 Be6 11. O-O-O Ke7 12. Ne4 Bh6 13. Bxh6 Nxh6 14. Nc5 Ng4 15. Rd2 Rhd8 16. f3 Rxd2 17. Kxd2 Ne5 18. Kc3 b6 19. Nxe6 Kxe6 20. Be2 c5 21. f4 Nc6 22. Bf3 Rc8 23. Re1+ Kf6 24. Bd5 Nd4 25. g4 Rc7 26. Re5 h6 27. h4 Kg7 28. b4 f6 29. Re8 g5 30. Rg8+ Kh7 31. hxg5 hxg5 32. fxg5 fxg5 33. Rxg5 Kh6 34. Rh5+ Kg6 35. Be4+ Kf6 36. bxc5 bxc5 37. g5+ Ke5 38. Kd3 Ne6 39. g6+ Kf6 40. Ke3 Nd4 41. Rh7 Rxh7 42. gxh7 Kg7 43. Kf4 Ne2+ 44. Ke5 Nc3 45. a3 Nb1 46. a4 a5 47. Bxb1 1-0


[Site "https://www.chess.com"]

[Event "Titled Tuesday Blitz October 5 2021"]
[White "Liyanage, Ranindu Dilshan"]
[Black "Sadhwani, Raunak"]
[WhiteFideId "9915834"]
[BlackFideId "35093487"]
[WhiteElo "1839"]
[BlackElo "2517"]
[Result "0-1"]
[Round "09"]
[TimeControl "180+1"]
[Date "2021.10.05"]
[WhiteClock "0:00:04"]
[BlackClock "0:00:14"]

1. e4 c6 2. d4 d5 3. e5 Bf5 4. h4 Qb6 5. Nc3 h6 6. g4 Bd7 7. a3 e6 8. Be3 c5 9. Nge2 h5 10. gxh5 Nh6 11. Bh3 Nc6 12. Na4 Qa5+ 13. Nac3 cxd4 14. Bxd4 Nxd4 15. Nxd4 Qb6 16. Nb3 Be7 17. Qe2 Bxh4 18. Bxe6 Bxf2+ 19. Qxf2 Bxe6 20. Qxb6 axb6 21. O-O-O Rd8 22. Nd4 O-O 23. Ndb5 Ng4 24. Rhe1 Kh7 25. Rd4 Kh6 26. Nc7 Kxh5 27. Rh1+ Kg5 28. Rg1 Bf5 29. N7xd5 Rfe8 30. Ne4+ Bxe4 31. Rxe4 f5 32. Rd4 Rxe5 33. c4 b5 34. b3 bxc4 35. bxc4 b5 36. Rgd1 bxc4 37. Nc3 Rxd4 38. Rxd4 Ne3 39. Kd2 f4 40. Ke2 Kf5 41. Kf3 g5 42. Ne2 Rd5 43. Rxd5+ Nxd5 44. Nd4+ Ke5 45. Nc2 c3 46. a4 Ne3 47. a5 Nxc2 48. a6 Nd4+ 0-1


[Site "https://www.chess.com"]

[Event "Titled Tuesday Blitz October 5 2021"]
[White "Majdan, Joanna"]
[Black "Deuer, Marius"]
[WhiteFideId "1121979"]
[BlackFideId "16236432"]
[WhiteElo "2270"]
[BlackElo "2091"]
[Result "0-1"]
[Round "09"]
[TimeControl "180+1"]
[Date "2021.10.05"]
[WhiteClock "0:00:25"]
[BlackClock "0:00:17"]

1. e4 c5 2. Nf3 e6 3. d4 cxd4 4. Nxd4 Nc6 5. Nc3 a6 6. Nxc6 bxc6 7. Bd3 e5 8. O-O Nf6 9. f4 Bc5+ 10. Kh1 d6 11. fxe5 dxe5 12. Bg5 Be6 13. Bxf6 gxf6 14. Qh5 Qe7 15. Qh6 Bd4 16. Qg7 Rf8 17. Qxh7 Rb8 18. Bxa6 Qa7 19. Bd3 Rxb2 20. Ne2 Rxa2 21. Rxa2 Qxa2 22. Nxd4 exd4 23. Qh6 c5 24. Bb5+ Bd7 25. Qxf6 Bxb5 26. Qe5+ Kd7 27. Qxc5 Bxf1 28. Qxf8 Bc4 29. h4 Qb1+ 30. Kh2 Qe1 31. Qc5 Qxh4+ 32. Kg1 Qe1+ 33. Kh2 Qc3 34. Qf5+ Ke7 35. Qe5+ Be6 36. Qg5+ Kd7 37. Qb5+ Qc6 38. Qe5 Qc7 39. Qxc7+ Kxc7 40. Kg3 Kd6 41. Kf4 Kc5 42. Ke5 Kc4 43. g3 Kc3 44. g4 Bxg4 45. Kf6 Be6 46. e5 Kxc2 47. Ke7 d3 48. Kf6 d2 49. Kg7 d1=Q 50. Kf8 Qf3 51. Ke7 Qd5 52. Kf6 Qd7 53. Kg7 Kd3 54. Kf6 Ke4 55. Kg5 Kf3 56. Kf6 Kf4 57. Kg7 Kf5 58. Kg8 Kg6 59. Kf8 Qd8# 0-1


[Site "https://www.chess.com"]

[Event "Titled Tuesday Blitz October 5 2021"]
[White "Martinez Lopez, David"]
[Black "Silvestre, Christian"]
[WhiteFideId "22235779"]
[BlackFideId "30956269"]
[WhiteElo "2389"]
[BlackElo "2497"]
[Result "1-0"]
[Round "09"]
[TimeControl "180+1"]
[Date "2021.10.05"]
[WhiteClock "0:00:03"]
[BlackClock "0:00:13"]

1. e4 c6 2. d4 d5 3. Nd2 a6 4. Ngf3 Bg4 5. c3 Nf6 6. Bd3 e6 7. O-O Nbd7 8. e5 Ng8 9. h3 Bh5 10. Re1 c5 11. Nf1 Ne7 12. Ng3 Bg6 13. h4 Nc6 14. h5 Bxd3 15. Qxd3 h6 16. Bf4 Rc8 17. a3 Qb6 18. b4 cxd4 19. cxd4 Be7 20. Rac1 Qb5 21. Qe3 Nb6 22. Nd2 Kd7 23. Ne2 Na4 24. Nb3 b6 25. Qg3 Na7 26. Rxc8 Rxc8 27. Qxg7 Qd3 28. Nbc1 Qf5 29. g4 Qe4 30. Qxh6 Rc2 31. Qg7 Nc3 32. h6 Nxe2+ 33. Nxe2 Rxe2 34. Rxe2 Qxe2 35. h7 Qe1+ 36. Kg2 Qe4+ 37. Kg3 Nb5 38. h8=Q Nxd4 39. Qxf7 Ne2+ 40. Kh2 Nxf4 41. Qhe8+ Kc7 42. Qfxe7# 1-0


[Site "https://www.chess.com"]

[Event "Titled Tuesday Blitz October 5 2021"]
[White "Martinez Reyes, Pedro Ramon"]
[Black "Sanchez, Robert"]
[WhiteFideId "3901807"]
[BlackFideId "2034360"]
[WhiteElo "2410"]
[BlackElo "2270"]
[Result "1/2-1/2"]
[Round "09"]
[TimeControl "180+1"]
[Date "2021.10.05"]
[WhiteClock "0:00:26"]
[BlackClock "0:00:07"]

1. d4 d5 2. c3 c6 3. e3 Nf6 4. Nf3 Bg4 5. Be2 Nbd7 6. h3 Bh5 7. O-O e6 8. Nbd2 Bd6 9. b3 Bxf3 10. Nxf3 e5 11. Bb2 e4 12. Nd2 O-O 13. c4 Re8 14. Re1 Nf8 15. Rc1 Ng6 16. Nf1 a6 17. c5 Bc7 18. b4 Nh4 19. a4 Nd7 20. f4 exf3 21. Bxf3 Qg5 22. Rc2 Nf6 23. Bc1 Ne4 24. Bxe4 dxe4 25. Qg4 Qh6 26. Rf2 f5 27. Qe2 Re6 28. Qc4 Kh8 29. d5 cxd5 30. Qxd5 Rg6 31. Qxb7 Rf8 32. b5 Nf3+ 33. Rxf3 exf3 34. Qxf3 axb5 35. axb5 f4 36. b6 Be5 37. exf4 Bd4+ 38. Be3 Bxe3+ 39. Qxe3 Rgf6 40. Nh2 Rxf4 41. Ng4 Rf1+ 42. Kh2 Qxe3 43. Rxe3 Rc1 44. Re5 h5 45. Ne3 h4 46. b7 Rb8 47. Re7 Rxc5 48. Ng4 Rb5 49. Ne5 R5xb7 50. Re6 Rb6 51. Re7 R6b7 52. Re6 Rb6 53. Ng6+ Kh7 54. Rxb6 Rxb6 55. Nxh4 Rb2 56. Nf3 Kh6 57. Ne5 g5 58. Nf7+ Kg6 59. Ne5+ Kf5 60. Ng4 Rb3 61. Kg1 Rb2 62. Kh2 Kg6 63. Ne3 Rb3 64. Nc4 Rb4 65. Nd2 Rd4 66. Nf3 Re4 67. Kg3 Rb4 68. Ne5+ Kh5 69. Nf3 g4 70. hxg4+ Rxg4+ 71. Kf2 Rxg2+ 72. Kxg2 1/2-1/2


[Site "https://www.chess.com"]

[Event "Titled Tuesday Blitz October 5 2021"]
[White "Martinovici, Ilia"]
[Black "Kubicka, Anna"]
[WhiteFideId "13907034"]
[BlackFideId "1152254"]
[WhiteElo "2303"]
[BlackElo "1903"]
[Result "1-0"]
[Round "09"]
[TimeControl "180+1"]
[Date "2021.10.05"]
[WhiteClock "0:00:48"]
[BlackClock "0:00:01"]

1. d4 Nf6 2. c4 c5 3. d5 b5 4. Nd2 e6 5. e4 bxc4 6. dxe6 dxe6 7. Bxc4 Be7 8. Ngf3 O-O 9. O-O Bb7 10. e5 Nd5 11. a3 Nc6 12. Ne4 Rc8 13. Bg5 Bxg5 14. Nfxg5 h6 15. Nf3 Qc7 16. Bxd5 exd5 17. Nxc5 Ba8 18. Re1 Rfe8 19. e6 fxe6 20. Nxe6 Qf7 21. Ned4 Nxd4 22. Nxd4 Qf6 23. Qd2 Re4 24. Rxe4 dxe4 25. Qe3 Rd8 26. Rd1 Kh8 27. Rd2 Bd5 28. Ne2 Bc6 29. Rxd8+ Qxd8 30. Nc3 Qe7 31. h3 Qe8 32. Qxa7 Qg6 33. Qe3 Qf5 34. Ne2 Qe5 35. Nd4 Bb7 36. b4 Qd5 37. b5 Qa2 38. Kh2 Qc4 39. b6 Qc5 40. Ne2 Qd6+ 41. Ng3 Qc6 42. Qd4 Kh7 43. Nf5 1-0


[Site "https://www.chess.com"]

[Event "Titled Tuesday Blitz October 5 2021"]
[White "Matamoros Franco, Carlos S."]
[Black "Girinath, P.D.S."]
[WhiteFideId "3600017"]
[BlackFideId "5000572"]
[WhiteElo "2554"]
[BlackElo "2333"]
[Result "0-1"]
[Round "09"]
[TimeControl "180+1"]
[Date "2021.10.05"]
[WhiteClock "0:00:01"]
[BlackClock "0:00:03"]

1. Nf3 f5 2. c4 Nf6 3. g3 d6 4. d4 e6 5. Bg2 a5 6. O-O Be7 7. b3 O-O 8. Nc3 Qe8 9. Ba3 Ne4 10. Qc2 Qg6 11. e3 Nxc3 12. Qxc3 Nc6 13. d5 Bf6 14. Qd2 Nb4 15. Nd4 e5 16. Nb5 Rf7 17. Bxb4 axb4 18. Qxb4 f4 19. exf4 exf4 20. Rae1 Bf5 21. Re6 b6 22. a4 Raf8 23. Rfe1 Bxe6 24. dxe6 Re7 25. Qd2 Be5 26. a5 bxa5 27. Qxa5 h5 28. Nxc7 fxg3 29. hxg3 Bd4 30. Nd5 Bxf2+ 31. Kh1 Rxe6 32. Rxe6 Qxe6 33. Nf4 Qe1+ 34. Qxe1 Bxe1 0-1


[Site "https://www.chess.com"]

[Event "Titled Tuesday Blitz October 5 2021"]
[White "Mekhitarian, Krikor Sevag"]
[Black "Harshavardhan G B"]
[WhiteFideId "2107660"]
[BlackFideId "25059009"]
[WhiteElo "2806"]
[BlackElo "2641"]
[Result "0-1"]
[Round "09"]
[TimeControl "180+1"]
[Date "2021.10.05"]
[WhiteClock "0:00:01"]
[BlackClock "0:00:15"]

1. e4 e5 2. Nf3 Nc6 3. Bb5 Nf6 4. d3 d6 5. O-O Bg4 6. c3 Be7 7. Nbd2 Qd7 8. Re1 h6 9. Nf1 a6 10. Ba4 g5 11. Ne3 Be6 12. d4 b5 13. Bc2 d5 14. exd5 Nxd5 15. Nxd5 Bxd5 16. Nxe5 Nxe5 17. Rxe5 O-O-O 18. Bf5 Be6 19. Bxe6 fxe6 20. Qe2 Bd6 21. Rxe6 g4 22. Bd2 h5 23. a4 Rhe8 24. d5 Bc5 25. Rxe8 Rxe8 26. Qd3 Re5 27. Bf4 Rxd5 28. Qe2 Kb7 29. axb5 axb5 30. g3 h4 31. b3 h3 32. c4 Rd3 33. cxb5 Qd5 34. Qf1 Rf3 35. Ra2 Qxb3 36. Qa1 Qxb5 37. Rb2 Rb3 38. Rxb3 Qxb3 39. Qc1 Qd5 40. Qf1 Kc6 41. Bc1 Bd4 42. Qa6+ Kd7 43. Qf1 Qf3 44. Bf4 c5 45. Qb5+ Qc6 46. Qf1 c4 0-1


[Site "https://www.chess.com"]

[Event "Titled Tuesday Blitz October 5 2021"]
[White "Melian, Juan Sebastian"]
[Black "Mujumdar, Sameer"]
[WhiteFideId "3706575"]
[BlackFideId "2029707"]
[WhiteElo "1672"]
[BlackElo "2104"]
[Result "0-1"]
[Round "09"]
[TimeControl "180+1"]
[Date "2021.10.05"]
[WhiteClock "0:00:01"]
[BlackClock "0:00:27"]

1. e4 c6 2. d4 d5 3. Nc3 dxe4 4. Nxe4 Nf6 5. Nxf6+ gxf6 6. Nf3 Rg8 7. g3 Bf5 8. Bd3 Qd7 9. Bxf5 Qxf5 10. Qe2 Nd7 11. Bf4 O-O-O 12. O-O-O e6 13. Rhe1 Nb6 14. c4 Bb4 15. Bd2 Bxd2+ 16. Rxd2 Qa5 17. Kb1 Qb4 18. Rc2 Rd7 19. a3 Qa5 20. Qe4 Qh5 21. Qf4 Qg6 22. Kc1 h5 23. Nh4 Qd3 24. Rd1 Qb3 25. Qf3 Qa2 26. Qc3 Rgd8 27. Nf3 Na4 28. Qb4 Qa1+ 29. Kd2 Rxd4+ 30. Nxd4 Rxd4+ 31. Ke3 Qxd1 32. Qf8+ Kc7 33. Qxf7+ Rd7 34. Qg6 Nc5 35. h3 f5 36. Kf4 Qxc2 37. Kg5 Qxf2 38. Kh6 Qe3+ 39. Kxh5 Ne4 40. g4 Ng3+ 41. Kh4 f4 0-1


[Site "https://www.chess.com"]

[Event "Titled Tuesday Blitz October 5 2021"]
[White "Mickiewicz, Piotr"]
[Black "Papasimakopoulos, Alexandros"]
[WhiteFideId "1114891"]
[BlackFideId "4244125"]
[WhiteElo "2251"]
[BlackElo "2352"]
[Result "1-0"]
[Round "09"]
[TimeControl "180+1"]
[Date "2021.10.05"]
[WhiteClock "0:00:45"]
[BlackClock "0:01:18"]

1. Nf3 f5 2. g3 Nf6 3. Bg2 g6 4. O-O Bg7 5. d3 O-O 6. c4 d6 7. Nc3 Nc6 8. Rb1 a5 9. a3 e5 10. Bg5 h6 11. Bxf6 Qxf6 12. b4 axb4 13. axb4 Kh8 14. b5 Nd8 15. Nd5 Qf7 16. Qc2 Ne6 17. e3 g5 18. Nd2 f4 19. g4 h5 20. h3 hxg4 21. hxg4 Nc5 22. Bf3 Be6 23. Kg2 Qg6 24. Rh1+ Bh6 25. Rxh6+ Qxh6 26. Rh1 Qxh1+ 27. Kxh1 Rf7 28. d4 exd4 29. exd4 Ra1+ 30. Kg2 Rh7 31. Nf1 Nd7 32. Nxc7 Bf7 33. Qf5 Bxc4 34. Nh2 b6 35. Qxg5 Rg7 36. Qd8+ Bg8 37. Ne6 Rh7 38. Ng5 Rg7 39. Ne6 Rh7 40. Be4 Rf7 41. Qh4+ Bh7 42. Ng5 f3+ 43. Nhxf3 1-0


[Site "https://www.chess.com"]

[Event "Titled Tuesday Blitz October 5 2021"]
[White "Nagy, Gabor"]
[Black "Stoyanov, Tsvetan"]
[WhiteFideId "737119"]
[BlackFideId "2917173"]
[WhiteElo "2806"]
[BlackElo "2638"]
[Result "1-0"]
[Round "09"]
[TimeControl "180+1"]
[Date "2021.10.05"]
[WhiteClock "0:01:22"]
[BlackClock "0:00:03"]

1. e4 c5 2. Nf3 d6 3. Nc3 Nc6 4. d4 cxd4 5. Nxd4 e5 6. Nf5 Nf6 7. Bg5 Bxf5 8. exf5 Nd4 9. Bd3 Be7 10. Bxf6 Bxf6 11. Be4 O-O 12. O-O Qd7 13. Nd5 Bd8 14. c3 Nc6 15. Qf3 Kh8 16. Rad1 Bg5 17. g3 g6 18. h4 Bh6 19. Rd3 Ne7 20. f6 Nxd5 21. Rxd5 Qe6 22. Rfd1 Rfd8 23. Kg2 Bf8 24. h5 Kg8 25. hxg6 hxg6 26. Rh1 Rac8 27. Rdd1 d5 28. Bxd5 Qf5 29. Qxf5 gxf5 30. Rh5 Bc5 31. Rxf5 Kf8 32. Rh5 Ke8 33. Rh7 Rc7 34. Bxf7+ Rxf7 35. Rxd8+ 1-0


[Site "https://www.chess.com"]

[Event "Titled Tuesday Blitz October 5 2021"]
[White "Nguyen Hong Nhung"]
[Black "Iljushina, Olga"]
[WhiteFideId "12412201"]
[BlackFideId "4152280"]
[WhiteElo "1661"]
[BlackElo "1937"]
[Result "1-0"]
[Round "09"]
[TimeControl "180+1"]
[Date "2021.10.05"]
[WhiteClock "0:00:18"]
[BlackClock "0:00:07"]

1. e4 c5 2. Nc3 Nc6 3. Bb5 g6 4. Bxc6 dxc6 5. d3 Bg7 6. Be3 b6 7. Qd2 e5 8. f4 exf4 9. Bxf4 Nf6 10. Nf3 O-O 11. Bh6 Bg4 12. O-O-O Bxf3 13. gxf3 Nh5 14. Bxg7 Kxg7 15. f4 Qf6 16. Rdf1 Rad8 17. f5 Qh4 18. Ne2 g5 19. Ng3 Nf4 20. Rhg1 Nh3 21. f6+ Kh8 22. Nf5 Qh5 23. Rg3 Nf4 24. Kb1 Rg8 25. h4 Ne6 26. hxg5 Rxg5 27. Rxg5 Qxg5 28. Qc3 Nd4 29. a3 Qxf6 30. Rh1 Qe5 31. Nh6 Rf8 32. Qc4 Qe6 33. Qc3 f6 34. Qe1 Qe5 35. Qh4 Qg5 36. Qh3 Qg7 37. Ng4 f5 38. exf5 Rxf5 39. Ne3 Rf8 40. c3 Nb5 41. Nf5 Qg6 42. Ne7 Qf7 43. Nxc6 c4 44. Ne5 Qg7 45. Nxc4 Rd8 46. d4 Qg6+ 47. Ka1 Qf7 48. Ne5 Qg7 49. Qh4 Rd7 50. Qh2 Rb7 51. Rg1 Qe7 52. Ng6+ 1-0


[Site "https://www.chess.com"]

[Event "Titled Tuesday Blitz October 5 2021"]
[White "Nozdrachev, Leonid"]
[Black "Vusatiuk, Vladimir"]
[WhiteFideId "24113433"]
[BlackFideId "14118610"]
[WhiteElo "2124"]
[BlackElo "2167"]
[Result "1-0"]
[Round "09"]
[TimeControl "180+1"]
[Date "2021.10.05"]
[WhiteClock "0:00:31"]
[BlackClock "0:00:01"]

1. e4 c5 2. c3 Nf6 3. e5 Nd5 4. d4 cxd4 5. Nf3 d6 6. Bc4 dxe5 7. Nxe5 e6 8. O-O dxc3 9. Nxc3 Nc6 10. Nxc6 bxc6 11. Ne4 Be7 12. Qg4 g6 13. Qf3 f5 14. Nc3 O-O 15. Bh6 Re8 16. Rad1 Bf6 17. Rfe1 Bb7 18. Na4 Qa5 19. b3 c5 20. h4 Qc7 21. h5 Nc3 22. Rxe6 Kh8 23. Qe3 Ne4 24. Bf4 Qg7 25. Nxc5 Re7 26. Rxe7 Qxe7 27. Nxb7 Qxb7 28. Bd5 Qd7 29. f3 1-0


[Site "https://www.chess.com"]

[Event "Titled Tuesday Blitz October 5 2021"]
[White "Ogloblin, Nikolay"]
[Black "Gimenez Aguirre, Alejo Ismael"]
[WhiteFideId "4139658"]
[BlackFideId "32041667"]
[WhiteElo "2261"]
[BlackElo "2031"]
[Result "0-1"]
[Round "09"]
[TimeControl "180+1"]
[Date "2021.10.05"]
[WhiteClock "0:00:16"]
[BlackClock "0:00:10"]

1. d4 Nf6 2. Nf3 e6 3. c4 Bb4+ 4. Nc3 O-O 5. Bg5 c5 6. e3 b6 7. Bd3 Bb7 8. O-O h6 9. Bh4 d6 10. Bxf6 Qxf6 11. Ne4 Qe7 12. a3 d5 13. Ng3 dxc4 14. Be4 Ba5 15. dxc5 bxc5 16. Qc2 Bd5 17. Bh7+ Kh8 18. e4 Bb7 19. e5 Nc6 20. Be4 Bb6 21. Qxc4 Rac8 22. Bxc6 Bxc6 23. Ne4 Bd5 24. Qe2 c4 25. Nd6 Rc6 26. Rfd1 Qc7 27. Rac1 Rb8 28. Nd4 Bxd4 29. Rxd4 Kg8 30. Rc3 Qb6 31. Rd2 Rc5 32. Nxc4 Qc7 33. b3 a5 34. a4 Bxc4 35. Rxc4 Rxc4 36. bxc4 Rb1+ 37. Rd1 Qxe5 38. Qf1 Rb4 39. Rc1 Qc5 40. Qd3 Rxa4 41. h4 Ra2 42. Qd8+ Kh7 43. Qd3+ g6 44. Qf3 Kg7 45. g3 a4 46. Rc3 a3 47. Kg2 Ra1 48. Qe3 Qc6+ 49. Qf3 Qc7 50. c5 a2 51. Ra3 Qxc5 52. Ra6 Qd5 53. Qxd5 exd5 54. Kf3 d4 55. h5 gxh5 56. Ra3 d3 0-1


[Site "https://www.chess.com"]

[Event "Titled Tuesday Blitz October 5 2021"]
[White "Oparin, Grigoriy"]
[Black "Timofeev, Artyom"]
[WhiteFideId "24125890"]
[BlackFideId "4140419"]
[WhiteElo "2957"]
[BlackElo "2903"]
[Result "1/2-1/2"]
[Round "09"]
[TimeControl "180+1"]
[Date "2021.10.05"]
[WhiteClock "0:00:06"]
[BlackClock "0:00:42"]

1. Nf3 Nf6 2. g3 b6 3. Bg2 Bb7 4. c4 g6 5. d4 Bg7 6. O-O O-O 7. Re1 e6 8. Bf4 d6 9. Qc2 Be4 10. Qc1 Nc6 11. Nc3 Bxf3 12. Bxf3 Nxd4 13. Bxa8 Qxa8 14. Qd2 e5 15. Be3 c5 16. Bg5 Ne4 17. Nxe4 Qxe4 18. Be3 Re8 19. Bxd4 exd4 20. Qd3 Qe6 21. Rad1 d5 22. b3 dxc4 23. bxc4 Qc6 24. e4 dxe3 25. Rxe3 Bd4 26. Rxe8+ Qxe8 27. Kg2 Kg7 28. Rd2 Qe6 29. Re2 Qd7 30. h4 h5 31. Qe4 a6 32. Qe8 Qb7+ 33. Qe4 Qd7 34. Qd5 Qc7 35. a4 Bf6 36. Re8 Bd4 37. Ra8 Qe7 38. Qf3 Qe6 39. Rxa6 Qxc4 40. Ra7 Qe6 41. Rc7 Qa2 42. Rb7 Qe6 43. Ra7 Qc4 44. Rb7 Qe6 45. Rc7 Qa2 46. Re7 Qc4 47. Rb7 Qe6 1/2-1/2


[Site "https://www.chess.com"]